 Dungeon Sprint DCSS version 0.21.2 (webtiles) character file.

12206 Fang the Severer (level 11, -16/121 HPs)
             Began as a Gargoyle Berserker on Oct 9, 2018.
             Was the Champion of Trog.
             Demolished by an orc warlord
             ... wielding a +0 great mace
              (24 damage)
             ... in the Dungeon (Sprint VII: "The Pits") on Oct 16, 2018.
             The game lasted 00:08:18 (2982 turns).

Fang the Severer (Gargoyle Berserker)               Turns: 2982, Time: 00:08:18

Health: -16/121    AC: 27    Str: 30    XL:     11   Next: 89%
Magic:  3/3        EV: 11    Int:  7    God:    Trog [******]
Gold:   47         SH:  0    Dex:  9    Spells: 10/10 levels left

rFire    . . .     SeeInvis .   A - +4 war axe (antimagic)
rCold    . . .     Gourm    .   (no shield)
rNeg     + . .     Faith    .   u - +3 plate armour
rPois    ∞         Spirit   .   (no helmet)
rElec    +         Reflect  .   (no cloak)
rCorr    .         Harm     .   (no gloves)
MR       .....     NoTele   +   (no boots)
Stlth    ..........             (no amulet)
HPRegen  0.30/turn              (no ring)
MPRegen  0.08/turn              (no ring)

@: berserking (expiring), very quick
A: negative energy resistance 1, electricity resistance, unbreathing,
petrification resistance, rot immunity, AC +8
a: Berserk, Trog's Hand, Brothers in Arms, Burn Spellbooks, Renounce Religion


You were in the Dungeon.
You worshipped Trog.
Trog was exalted by your worship.
You were near starving.

You visited 1 branch You collected 47 gold pieces.

Inventory:

Hand Weapons
 j - a +1 battleaxe of freezing
 m - a +2 battleaxe of distortion
 n - a +3 battleaxe of chopping
 A - a +4 antimagic war axe (weapon)
Armour
 u - a +3 plate armour (worn)
Jewellery
 b - a +3 ring of evasion
 q - a +3 ring of intelligence
 v - an uncursed ring of positive energy
 w - an uncursed ring of positive energy
Scrolls
 i - 4 scrolls of blinking
 k - 4 scrolls of remove curse
 l - a scroll of summoning
 x - 3 scrolls of fear
 y - 6 scrolls of enchant armour
 z - a scroll of fog
Potions
 a - 2 potions of invisibility
 d - 9 potions of curing
 e - 14 potions of heal wounds
 f - a potion of haste
 g - 4 potions of magic
 h - 4 potions of berserk rage
 p - 3 potions of might
 r - 3 potions of resistance
 s - 2 potions of agility
Comestibles
 c - 8 rations


   Skills:
 + Level 15.2 Fighting
 + Level 18.1 Axes
 + Level 14.3 Armour
 + Level 6.3 Dodging
 + Level 1.1 Stealth


You had 10 spell levels left.
You didn't know any spells.

Dungeon Overview and Level Annotations

Branches:
Dungeon (1/1)

Altars:
Ashenzari
Cheibriados
Dithmenos
Elyvilon
Fedhas
Gozag
Hepliaklqana
Kikubaaqudgha
Makhleb
Nemelex Xobeh
Okawaru
Qazlal
Ru
Sif Muna
Trog
Uskayaw
Vehumet
Wu Jian
Xom
Yredelemnul
Zin
The Shining One
Beogh
Jiyva
Lugonu

Annotations:
D Donald


Innate Abilities, Weirdness & Mutations

You are resistant to torment.
Your stone body is resilient. (AC +8)
You are immune to poison.
You resist negative energy. (rN+)
You are resistant to electric shocks. (rElec)
You can survive without breathing.
You are immune to petrification.
You are immune to rotting.


Message History

You hit the orc knight but do no damage.
You slash the skeletal warrior!
The orc knight hits you with a great sword!
* * * LOW HITPOINT WARNING * * *
You slash the orc warlord!
The orc warlord is lightly wounded.
You slice the orc knight!!
You kill the orc knight!
Trog accepts your kill. Something appears at your feet!
Trog grants you a weapon!
Your Axes skill increases to level 18!
You hit the skeletal warrior but do no damage.
You slash the orc warlord!
The orc warlord is moderately wounded.
You hit the skeletal warrior.
The skeletal warrior hits you with a glaive!
* * * LOW HITPOINT WARNING * * *
The orc warlord hits you with a great mace!!
You die...

#########################
...............o)........
...†...........o@.......f
##############Gz#########
# #...ooo..# # #.#....#.#
# ............ #
#.#.#.po.#.#.# #
#....o.......# #
.#.#{...#.#.# # ..
.....o.c..


You could see 2 orc warlords, a vault guard, 4 orc knights, a great orb of eyes
and a skeletal warrior.

Vanquished Creatures
  A two-headed ogre (D)
  A skeletal warrior (D)
  A shadow wraith (D)
  3 sea snakes (D)
  A deep troll (D)
  A swamp dragon (D)
  2 orc knights (D)
  A merfolk siren (D)
  3 black mambas (D)
  An orange demon (D)
  A gargoyle (D)
  2 kobold demonologists (D)
  A demonic crawler (D)
  A jumping spider (D)
  5 dream sheep (D)
  A snapping turtle (D)
  A tarantella (D)
  A vampire (D)
  A spriggan (D)
  A wraith (D)
  A steam dragon (D)
  A hungry ghost (D)
  A warg (D)
  A water moccasin (D)
  A floating eye (D)
  A phantom (D)
  A centaur (D)
  A gnoll sergeant (D)
  5 killer bees (D)
  2 crimson imps (D)
  A jelly (D)
  A hound (D)
  An iguana (D)
  A worker ant (D)
  4 gnolls (D)
  2 adders (D)
  A river rat (D)
  An ufetubus (D)
  2 adder skeletons (D)
  A leopard gecko (D)
  An orc (D)
  A bat zombie (D)
  A goblin (D)
  3 hobgoblins (D)
  2 jackals (D)
  6 kobolds (D)
  2 quokkas (D)
  A frilled lizard (D)
77 creatures vanquished.

Vanquished Creatures (collateral kills)
  A slime creature (D)
  A gargoyle (D)
  A troll (D)
  2 hornets (D)
  A tarantella (D)
  A soldier ant (D)
  A warg (D)
  A floating eye (D)
  A wolf (D)
  2 jellies (D)
  A leopard gecko skeleton (D)
13 creatures vanquished.

Vanquished Creatures (others)
  A hippogriff (D)
1 creature vanquished.

Grand Total: 91 creatures vanquished

Notes
Turn   | Place    | Note
-------+----------+-------------------------------------------
     0 | D        | Fang the Gargoyle Berserker began the quest for the Orb.
     0 | D        | Reached XP level 1. HP: 14/14 MP: 1/1
    21 | D        | Reached skill level 3 in Axes
   134 | D        | Found a bloodstained altar of Trog.
   134 | D        | Found a deep blue altar of Sif Muna.
   134 | D        | Found a viscous altar of Jiyva.
   134 | D        | Found a hazy altar of Hepliaklqana.
   134 | D        | Found an opulent altar of Gozag.
   135 | D        | Found a glowing golden altar of the Shining One.
   135 | D        | Found a glowing silver altar of Zin.
   135 | D        | Found a basalt altar of Yredelemnul.
   135 | D        | Found a shimmering altar of Xom.
   135 | D        | Found an ornate altar of the Wu Jian Council.
   135 | D        | Found a sacrificial altar of Ru.
   135 | D        | Found a stormy altar of Qazlal.
   135 | D        | Found an iron altar of Okawaru.
   135 | D        | Found a sparkling altar of Nemelex Xobeh.
   135 | D        | Found a burning altar of Makhleb.
   135 | D        | Found a blossoming altar of Fedhas.
   135 | D        | Found a white marble altar of Elyvilon.
   135 | D        | Found a shadowy altar of Dithmenos.
   135 | D        | Found a snail-covered altar of Cheibriados.
   137 | D        | Found a radiant altar of Vehumet.
   137 | D        | Found a corrupted altar of Lugonu.
   137 | D        | Found a roughly hewn altar of Beogh.
   190 | D        | Reached ** piety under Trog
   194 | D        | Reached XP level 2. HP: 20/20 MP: 2/2
   199 | D        | Noticed a gnoll sergeant
   201 | D        | Reached skill level 5 in Fighting
   203 | D        | Reached *** piety under Trog
   203 | D        | Reached skill level 4 in Axes
   203 | D        | Reached XP level 3. HP: 26/26 MP: 3/3
   208 | D        | Reached skill level 5 in Axes
   209 | D        | Reached **** piety under Trog
   211 | D        | Reached XP level 4. HP: 21/32 MP: 4/4
   219 | D        | Killed a gnoll sergeant
   219 | D        | Reached skill level 6 in Axes
   219 | D        | Reached XP level 5. HP: 10/38 MP: 5/5
   497 | D        | Noticed a floating eye
   498 | D        | Received a gift from Trog
   498 | D        | Paralysed by a floating eye for 4 turns
   504 | D        | Killed a floating eye
   504 | D        | Reached skill level 7 in Axes
   504 | D        | Reached XP level 6. HP: 44/44 MP: 6/6
   546 | D        | Noticed a warg
   550 | D        | Killed a warg
   550 | D        | Reached skill level 8 in Axes
   551 | D        | Noticed a hungry ghost
   568 | D        | Paralysed by fainting for 8 turns
   579 | D        | Reached ***** piety under Trog
   592 | D        | Reached skill level 9 in Axes
   592 | D        | Reached skill level 5 in Armour
   595 | D        | Killed a hungry ghost
   595 | D        | Reached XP level 7. HP: 51/51 MP: 7/7
   717 | D        | Noticed a sea snake
   727 | D        | HP: 3/76 [sea snake (15)]
   730 | D        | Killed a sea snake
   730 | D        | Received a gift from Trog
   730 | D        | Reached skill level 10 in Fighting
   730 | D        | Reached skill level 11 in Axes
   730 | D        | Reached skill level 5 in Dodging
   730 | D        | Reached XP level 8. HP: 3/58 MP: 8/8
  1046 | D        | Noticed a snapping turtle
  1046 | D        | Noticed an orange demon
  1066 | D        | Killed a snapping turtle
  1068 | D        | Killed an orange demon
  1068 | D        | Reached skill level 12 in Axes
  1068 | D        | Reached skill level 10 in Armour
  1068 | D        | Reached XP level 9. HP: 9/64 MP: 3/9
  1437 | D        | Found a hide-covered altar of Uskayaw.
  1437 | D        | Found an ancient bone altar of Kikubaaqudgha.
  1437 | D        | Found a shattered altar of Ashenzari.
  1468 | D        | Noticed a kobold demonologist
  1468 | D        | Noticed a kobold demonologist
  1472 | D        | Noticed an ice devil
  1472 | D        | Killed a kobold demonologist
  1472 | D        | Received a gift from Trog
  1476 | D        | Received a gift from Trog
  1484 | D        | Killed a kobold demonologist
  1484 | D        | Reached ****** piety under Trog
  1484 | D        | Reached skill level 13 in Axes
  1596 | D        | Noticed a sea snake
  1602 | D        | Reached skill level 1 in Stealth
  1604 | D        | Received a gift from Trog
  1605 | D        | Reached skill level 14 in Axes
  1605 | D        | Reached XP level 10. HP: 60/71 MP: 3/10
  1621 | D        | Killed a sea snake
  1979 | D        | Noticed a deep troll
  1979 | D        | Noticed a black mamba
  1988 | D        | Killed a black mamba
  1990 | D        | Reached skill level 15 in Axes
  1991 | D        | Killed a deep troll
  2120 | D        | Noticed a two-headed ogre
  2126 | D        | Killed a two-headed ogre
  2221 | D        | Noticed a merfolk siren
  2221 | D        | Noticed a black mamba
  2225 | D        | Killed a black mamba
  2225 | D        | Received a gift from Trog
  2229 | D        | Killed a merfolk siren
  2229 | D        | Reached skill level 16 in Axes
  2245 | D        | Noticed a sea snake
  2264 | D        | Killed a sea snake
  2264 | D        | Reached XP level 11. HP: 69/79 MP: 3/11
  2266 | D        | Received a gift from Trog
  2410 | D        | Noticed Donald
  2410 | D        | Noticed a swamp dragon
  2423 | D        | Killed a swamp dragon
  2652 | D        | Received a gift from Trog
  2657 | D        | Paralysed by a floating eye for 4 turns
  2659 | D        | Reached skill level 17 in Axes
  2668 | D        | Paralysed by a floating eye for 4 turns
  2849 | D        | Received a gift from Trog
  2850 | D        | Killed a shadow wraith
  2964 | D        | Noticed a skeletal warrior
  2964 | D        | Noticed a skeletal warrior
  2964 | D        | Noticed an orc knight
  2964 | D        | Noticed an orc knight
  2964 | D        | Noticed an orc knight
  2964 | D        | Noticed an orc knight
  2965 | D        | Noticed an orc warlord
  2965 | D        | Noticed an orc warlord
  2965 | D        | Noticed an orc knight
  2965 | D        | Noticed a yaktaur captain
  2968 | D        | Noticed an orc knight
  2968 | D        | Noticed a great orb of eyes
  2976 | D        | Noticed an orc knight
  2976 | D        | Killed a skeletal warrior
  2976 | D        | Reached skill level 15 in Fighting
  2977 | D        | Noticed an orc knight
  2978 | D        | Noticed a vault guard
  2980 | D        | Noticed an orc knight
  2980 | D        | Killed an orc knight
  2981 | D        | Killed an orc knight
  2981 | D        | Received a gift from Trog
  2981 | D        | Reached skill level 18 in Axes
  2982 | D        | Demolished by an orc warlord

Skill      XL: |  1  2  3  4  5  6  7  8  9 10 11 |
---------------+----------------------------------+-----
Axes           | 3 4 5 6 7 9 11 12 14 16 18 | 18.1
Fighting       | 4 5 6 7 8 9 10 11 12 13 15 | 15.2
Dodging        | 2 3 4 5 6 |  6.3
Armour         | 3 4 6 8 10 11 12 14 | 14.3
Stealth        | 1 |  1.1

Action                   |  1- 3 |  4- 6 |  7- 9 | 10-12 || total
-------------------------+-------+-------+-------+-------++-------
Melee: Hand axe          |    30 |    46 |    13 |       ||    89
       Battleaxe         |       |       |    64 |    97 ||   161
       War axe           |       |       |       |    37 ||    37
Invok: Berserk           |     1 |     1 |     3 |     5 ||    10
       Brothers in Arms  |       |       |       |     2 ||     2
  Eat: Ration            |       |     1 |       |     1 ||     2
       Chunk             |       |       |     8 |     6 ||    14
Armor: Animal skin       |     5 |       |       |       ||     5
       Chain mail        |       |    50 |    45 |       ||    95
       Plate armour      |       |       |    27 |   113 ||   140
Dodge: Dodged            |    24 |    24 |    51 |    75 ||   174
